 Dungeon Crawl Stone Soup version 0.29.1-12-g30fa7ad0bf (webtiles) character file.

Game seed: 14213707191086561770

1043 Gabide the Insei (level 8, -4/58 HPs)
             Began as a Mummy Wanderer on Dec 27, 2022.
             Killed by divine providence
             ... invoked by an orc priest
              (14 damage)
             ... on level 5 of the Dungeon on Dec 28, 2022.
             The game lasted 00:16:58 (8444 turns).

Gabide the Insei (Mummy Wanderer)                   Turns: 8444, Time: 00:16:58

Health: -4/58      AC:  7    Str: 14    XL:     8   Next: 4%
Magic:  10/12      EV: 12    Int: 23    God:
Gold:   240        SH:  0    Dex: 15    Spells: 9/13 levels left

rFire   x . .      SeeInvis .     - Unarmed
rCold   + . .      Faith    .   (no shield)
rNeg    + + +      Spirit   .   d - +0 leather armour
rPois   ∞          Reflect  .   f - +0 helmet
rElec   .          Harm     .   i - +0 cloak
rCorr   .          Rampage  .   r - +0 pair of gloves
Will    +....                   s - +0 pair of boots
Stlth   +.........              q - amulet of magic regeneration
HPRegen 0.19/turn               a - +6 ring of intelligence
MPRegen 0.53/turn               m - +6 ring of intelligence

@: no status effects
A: cold resistance 1, negative energy resistance 3, torment resistance 2, heat
vulnerability 1, in touch with death 1, no potions
a: no special abilities


You were on level 5 of the Dungeon.
You visited 1 branch of the dungeon, and saw 5 of its levels.

You collected 240 gold pieces.

Inventory:

Hand Weapons
 n - a +1 spear of flaming
Missiles
 t - 5 javelins
Armour
 d - a +0 leather armour (worn)
 f - a +0 helmet (worn)
 i - a +0 cloak (worn)
 r - a +0 pair of gloves (worn)
 s - a +0 pair of boots (worn)
Jewellery
 a - a +6 ring of intelligence (left hand)
 g - a ring of wizardry
 k - a ring of wizardry
 m - a +6 ring of intelligence (right hand)
 q - an amulet of magic regeneration (around neck)
Wands
 j - a wand of charming (8)
Scrolls
 b - a scroll of poison
 c - 2 scrolls of fear
 e - 2 scrolls of blinking
 h - 2 scrolls of magic mapping
 l - 4 scrolls of teleportation
 o - a scroll of enchant armour {unknown}
 p - 2 scrolls of butterflies
 u - a scroll of brand weapon {unknown}


   Skills:
 + Level 3.2 Fighting
 - Level 2.0 Armour
 + Level 3.2 Dodging
 - Level 1.0 Stealth
 * Level 3.4 Unarmed Combat
 - Level 3.0 Spellcasting
 - Level 3.0 Conjurations
 - Level 3.0 Air Magic
 - Level 3.0 Poison Magic
 - Level 1.0 Evocations


You had 9 spell levels left.
You knew the following spells:

 Your Spells              Type           Power      Damage    Failure   Level
a - Sting                 Tmut/Pois      40%        1d5       8%          1
b - Mephitic Cloud        Conj/Pois/Air  17%        N/A       12%         3

Your spell library contained the following spells:

 Spells                   Type           Power      Damage    Failure   Level
 Gell's Gravitas          Tloc           3%         N/A       38%         3
 Lesser Beckoning         Tloc           3%         N/A       38%         3
 Teleport Other           Tloc           3%         N/A       38%         3


Dungeon Overview and Level Annotations

Branches:
Dungeon (5/15)
 Temple: D:4-7

Altars:

Annotations:
D:3 2 transporters
D:5 Dowan


Innate Abilities, Weirdness & Mutations

You are immune to poison.
Your flesh is cold resistant. (rC+)
You are immune to negative energy. (rN+++)
You are immune to unholy pain and torment.
You are vulnerable to heat. (rF-)
You are in touch with the powers of death.
You do not drink.


Message History

Duvessa is almost dead.
Duvessa is engulfed in noxious fumes.
Duvessa gestures wildly.
Duvessa hits you with a +0 short sword.
* * * LOW HITPOINT WARNING * * *
You catch the helpless Duvessa completely off-guard!
You hit Duvessa but do no damage.
Duvessa is almost dead.
Duvessa is engulfed in noxious fumes.
Duvessa appears confused.
Duvessa hits you but does no damage.
You hit Duvessa but do no damage.
Duvessa is almost dead.
Duvessa laughs at nothing.
You hit Duvessa but do no damage.
Duvessa is almost dead.
Aiming: Mephitic Cloud (dangerous; 12% risk of failure)
Press: ? - help, Q - select action, (/) - cycle Shift-Dir - straight line, f/p - Duvessa
Aim: Duvessa, wielding a +0 short sword and wearing a +4 ring mail (almost dead, confused, chance to affect: 81%)
The ball explodes into a vile cloud!
The stinking cloud engulfs Duvessa but does no damage.
Duvessa is almost dead.
The stinking cloud engulfs you but does no damage.
You hear a shout!
Duvessa is engulfed in noxious fumes.
Duvessa appears confused.
Duvessa hits you with a +0 short sword.
* * * LOW HITPOINT WARNING * * *
You hit Duvessa.
Duvessa is almost dead.
Dowan is engulfed in noxious fumes.
Dowan hits Duvessa but does no damage.
Duvessa is engulfed in noxious fumes.
Duvessa appears confused.
Duvessa completely misses Dowan.
You hit Duvessa.
You kill Duvessa!
Dowan's eyes darken. "You have made a black mistake."
Dowan seems to find hidden reserves of power!
Dowan is engulfed in noxious fumes.
Dowan appears confused.
Dowan looks very confused.
The orc priest mumbles some strange prayers to Beogh against you.
Beogh smites you!
You die...

#.#########)....<..>...>
######.#
#.....)o...........
.......#
#.####.##########..
#####..# #.# #.# ## #..#
#.# #.# .####..# #.# #)#
# .......####.# #.# .
.###........# #.# . .#
#...###### #@# #
.###...# #e# # .......#
#○# #######
>###...#########.#
#.....§
..........(......# #
.).........^###### #
#####..####.# # .......#
#.# #. # ....#.... .. #.
#


You could see Dowan (fast, confused) and an orc priest.

Vanquished Creatures
  Sigmund (D:5)
  Menkaure (D:4)
  Duvessa (D:5)
  A phantom (D:5)
  2 scorpions
  A necrophage (D:4)
  A hound (D:4)
  A gnoll bouda (D:4)
  3 orc priests
  2 orc wizards
  Robin (D:3)
  3 gnolls (D:4)
  12 adders
  6 worms
  4 dart slugs
  21 orcs
  13 ball pythons
  6 endoplasms
  3 giant cockroaches
  19 goblins
  7 hobgoblins
  5 jackals (D:1)
  4 quokkas
  7 bats
  A frilled lizard (D:3)
  10 kobolds
  5 rats
141 creatures vanquished.

Vanquished Creatures (collateral kills)
  A ball python (D:1)
1 creature vanquished.

Grand Total: 142 creatures vanquished

Notes
Turn   | Place    | Note
-------+----------+-------------------------------------------
     0 | D:1      | Gabide the Mummy Wanderer began the quest for the Orb.
     0 | D:1      | Gabide set off with the following items: a +0 dagger, a
                  | scroll of butterflies, a scroll of summoning, a +0 leather
                  | armour, 2 scrolls of blinking; and the following spell
                  | memorised: Sting; and the following spells available to
                  | memorise: Mephitic Cloud.
     0 | D:1      | Reached XP level 1. HP: 16/16 MP: 2/2
   242 | D:1      | Reached XP level 2. HP: 22/22 MP: 0/4
   462 | D:1      | Found a faded altar of an unknown god.
   523 | D:1      | HP: 1/22 [jackal (1)]
  1208 | D:1      | Gained mutation: You are in touch with the powers of death.
                  | [Mummy growth]
  1208 | D:1      | Reached XP level 3. HP: 27/27 MP: 1/5
  2454 | D:2      | Reached XP level 4. HP: 31/33 MP: 0/7
  3443 | D:3      | Noticed Robin
  3459 | D:2      | Reached XP level 5. HP: 12/41 MP: 0/8
  3710 | D:3      | Found a transporter.
  4309 | D:3      | Found a transporter.
  5143 | D:3      | Killed Robin
  5150 | D:3      | Learned a level 3 spell: Mephitic Cloud
  5514 | D:4      | Reached XP level 6. HP: 46/47 MP: 1/10
  5656 | D:4      | Noticed Menkaure
  5912 | D:4      | Killed Menkaure
  5913 | D:4      | Reached skill level 1 in Conjurations
  6257 | D:4      | Reached XP level 7. HP: 36/52 MP: 0/11
  6413 | D:4      | Reached skill level 1 in Air Magic
  6726 | D:4      | Identified the +2 chain mail of Moral Flaws {+Blink rCorr
                  | Slay+3}
  7417 | D:5      | Entered Level 5 of the Dungeon
  7600 | D:5      | Noticed Sigmund
  7644 | D:5      | Reached skill level 1 in Armour
  7666 | D:5      | Killed Sigmund
  8061 | D:4      | Reached XP level 8. HP: 20/58 MP: 10/12
  8385 | D:5      | Noticed Duvessa
  8385 | D:5      | Noticed Dowan
  8444 | D:5      | Killed Duvessa
  8444 | D:5      | Killed from afar by an orc priest

Illustrated notes

Levels and vault maps discovered:
D:1:      scummos_arrival_forest, layout_loops_ring,
          hellmonk_ecumenical_altar_lost_god
D:2:      layout_loops_ring, minmay_snake_closets
D:3:      gammafunk_steamed_eel, layout_basic,
          mainiacjoe_overflow_concentric_impassable, uniq_robin
D:4:      layout_loops_ring, nicolae_zen_rock_garden, minmay_misc_feat_pillars,
          columned_hall_lemuel, saegor_snake_ambush, uniq_menkaure
D:5:      layout_loops_ring, kennysheep_small_square, uniq_duvessa,
          uniq_blork_the_orc, uniq_sigmund

Skill      XL: |  1  2  3  4  5  6  7 |
---------------+----------------------+-----
Unarmed Combat | 3 |  3.4
Dodging        | 2 3 |  3.2
Spellcasting   | 2 3 |  3.0
Poison Magic   | 2 3 |  3.0
Fighting       | 3 |  3.2
Conjurations   | 2 3 |  3.0
Air Magic      | 3 |  3.0
Armour         | 2 |  2.0
Stealth        | |  1.0
Evocations     | |  1.0

Action                   |  1- 3 |  4- 6 |  7- 9 || total
-------------------------+-------+-------+-------++-------
Melee: Unarmed           |    69 |    51 |   210 ||   330
       Punch             |     4 |     2 |     8 ||    14
       Spear             |       |     8 |       ||     8
 Cast: Sting             |    80 |   165 |       ||   245
       Mephitic Cloud    |       |       |    45 ||    45
  Use: Scroll            |     3 |     1 |     5 ||     9
 Stab: Confused          |       |       |    25 ||    25
Armor: Leather armour    |    31 |    48 |    64 ||   143
Dodge: Dodged            |    96 |   104 |    98 ||   298
